 Dungeon Crawl Stone Soup version 0.18.1-8-gdd0e5ea (webtiles) character file.

2606 zeroDi the Covert (level 9, -17/42 HPs)
             Began as a Vine Stalker Assassin on May 28, 2016.
             Was a Priest of Okawaru.
             Demolished by georgeearnest's ghost (21 damage)
             ... on level 8 of the Dungeon.
             The game lasted 00:23:25 (7357 turns).

zeroDi the Covert (Vine Stalker Assassin)           Turns: 7357, Time: 00:23:25

Health: -17/42     AC:  6    Str: 15    XL:     9   Next: 59%
Magic:  0/10       EV: 15    Int: 11    God:    Okawaru [***...]
Gold:   332        SH:  0    Dex: 23    Spells: 0 memorised, 8 levels left

rFire  . . .     SeeInvis .     a - +0 dagger (venom)
rCold  . . .     Gourm    .     c - +0 robe
rNeg   . . .     Faith    .     (no shield)
rPois  .         Spirit   +     k - +1 helmet
rElec  .         Dismiss  .     d - +0 cloak
rCorr  .         Reflect  .     (no gloves)
SustAt .         Harm     .     s - +0 pair of boots
MR     +....                    (no amulet)
Stlth  +++++.....               E - +3 ring of evasion
                                q - +5 ring of dexterity

@: somewhat resistant to hostile enchantments, quite stealthy
A: fangs 3, regeneration 2, magic shield, antimagic bite, no device heal 3, rot
immunity
a: Heroism, Renounce Religion


You were on level 8 of the Dungeon.
You worshipped Okawaru.
Okawaru was most pleased with you.
You were not hungry.

You visited 2 branches of the dungeon, and saw 9 of its levels.
You also visited: Sewer.

You collected 332 gold pieces.


Innate Abilities, Weirdness & Mutations

You have razor-sharp teeth.
You heal very quickly.
When hurt, damage is shared between your health and your magic reserves.
Your bite disrupts and absorbs the magic of your enemies.
Potions and wands cannot restore your health.
You are immune to rotting.


   Skills:
 - Level 1.7 Fighting
 * Level 9.1 Short Blades
 + Level 4.7 Throwing
 - Level 0.7 Dodging
 - Level 10.0 Stealth


You had 8 spell levels left.
You didn't know any spells.

Inventory:

Hand Weapons
 a - a +0 dagger of venom (weapon)
 b - a +1 blowgun
 C - a +2 dagger
Missiles
 e - 49 poisoned needles
 f - 2 curare-tipped needles {=f}
 K - 2 tomahawks (quivered)
Armour
 c - a +0 robe (worn)
 d - a +0 cloak (worn)
 k - a +1 helmet (worn)
 s - a +0 pair of boots (worn)
Jewellery
 q - a +5 ring of dexterity (left hand)
 r - an uncursed ring of positive energy
 E - a +3 ring of evasion (right hand)
 F - an uncursed ring of resist corrosion
Wands
 D - a wand of slowing (25/48)
 J - a wand of acid (6/15)
Scrolls
 i - 4 scrolls of fog {unknown}
 l - a scroll of vulnerability {unknown}
 n - 4 scrolls of magic mapping {unknown}
 p - a scroll of enchant weapon
 t - 2 scrolls of teleportation {unknown}
 u - 3 scrolls of random uselessness
 w - 2 scrolls of remove curse
 y - 2 scrolls of fear {unknown}
 z - 2 scrolls of noise {!r}
 G - a scroll of identify {@r1}
Potions
 m - a potion of mutation {unknown}
 v - 4 potions of curing {unknown}
 A - 2 potions of flight {unknown}
 B - 2 potions of heal wounds {unknown}
 I - a potion of berserk rage {unknown}
Comestibles
 g - 8 bread rations
 h - 3 meat rations
 j - 2 slices of pizza
 x - 2 beef jerkies
 H - 4 chunks of flesh

Dungeon Overview and Level Annotations

Branches:
Dungeon (8/15)             Temple (1/1) D:4
   Lair: D:8-11

Altars:
Ashenzari
Cheibriados
Dithmenos
Elyvilon
Fedhas
Gozag
Kikubaaqudgha
Makhleb
Nemelex Xobeh
Okawaru
Pakellas
Qazlal
Ru
Sif Muna
Vehumet
Yredelemnul
Zin
The Shining One

Shops:
D:6 =

Annotations:
D:3 Natasha
D:8 georgeearnest's ghost, novice TrMo o........ ......... ..........###.......# ............<......# ....... #...# oo.....

##.#.#### ........
#..#....# ........
#<##....# ........
#.###.WZ#
...#...####.###.@.#
##............#...# #
###..........###
######.........##
)......).)....############
######...)....##.........#
#### #...................#
...###........##.........#
#........................#


You could see georgeearnest's ghost (inner flame) and a centaur zombie.


Message History

You drain its power.
Georgeearnest's ghost is lightly damaged.
Georgeearnest's ghost feints to the left.
Georgeearnest's ghost hits you!!
Read which item? (? for menu, Esc to quit)
As you read the scroll labeled DOOSYM DUNUITA, it crumbles to dust.
The creatures around you are filled with an inner flame!
It was a scroll of immolation.
Georgeearnest's ghost hits you!
* * * LOW HITPOINT WARNING * * *
Georgeearnest's ghost is no longer covered in acid.
You hit the centaur zombie but do no damage.
You bite the centaur zombie. You drain its power.
You feel invigorated. Georgeearnest's ghost hits you!
* * * LOW HITPOINT WARNING * * *
The centaur zombie hits you but does no damage.
The centaur zombie barely misses you. Georgeearnest's ghost hits you.
* * * LOW HITPOINT WARNING * * *
Georgeearnest's ghost hits you!!
Ouch! That really hurt!
You die...

Action                   |  1- 3 |  4- 6 |  7- 9 || total
-------------------------+-------+-------+-------++-------
Melee: Dagger            |   137 |   139 |   335 ||   611
       Bite              |    35 |    35 |   160 ||   230
       Blowgun           |       |       |     2 ||     2
 Fire: Blowgun           |       |    16 |    44 ||    60
Invok: Heroism           |       |       |     2 ||     2
Evoke: Wand              |       |       |     1 ||     1
  Use: Scroll            |     6 |       |     5 ||    11
 Stab: Sleeping          |     8 |     6 |    11 ||    25
       Distracted        |     1 |     1 |     1 ||     3
  Eat: Chunk             |     3 |     5 |     8 ||    16
       Meat ration       |       |       |     1 ||     1
Armor: Robe              |    29 |    26 |    52 ||   107
Dodge: Dodged            |    76 |    58 |   163 ||   297

Vault maps used:
D:1:      lemuel_arrival_funnel, bh_walls_and_bars
D:2:      old_standard_altar
D:3:      kennysheep_big_flooded_room, nicolae_overflow_hidden_temple,
          uniq_natasha
D:4:      overflow_temple_1_default, temple_pool_b, gup_sewer_entry_pipe
D:5:      first_bread, serial_bayou_ford_a, roderic_batcave,
          grunt_dithmenos_smoke_and_mirrors
D:6:      kennysheep_mini_moat, serial_shops, shop
D:7:      the_bakery
Temple:   eino_temple_water_12
Sewer:    sewer_kobolds

Notes
Turn   | Place    | Note
--------------------------------------------------------------
     0 | D:1      | zeroDi the Vine Stalker Assassin began the quest for the Orb.
     0 | D:1      | Reached XP level 1. HP: 11/11 MP: 2/2
    43 | D:1      | Reached skill level 2 in Short Blades
   399 | D:1      | Reached XP level 2. HP: 12/15 MP: 1/3
   873 | D:1      | Reached skill level 3 in Short Blades
   873 | D:1      | Reached XP level 3. HP: 7/18 MP: 4/4
  1334 | D:2      | Found a deep blue altar of Sif Muna.
  1838 | D:3      | Found a sacrificial altar of Ru.
  1853 | D:3      | Noticed a phantom
  1865 | D:3      | Noticed Natasha
  1876 | D:3      | Killed Natasha
  1876 | D:3      | Reached skill level 4 in Short Blades
  1876 | D:3      | Reached XP level 4. HP: 9/23 MP: 0/5
  2091 | D:3      | Noticed Natasha
  2103 | D:3      | Killed Natasha
  2463 | D:3      | Found a shadowy altar of Dithmenos.
  2463 | D:3      | Found a white marble altar of Elyvilon.
  2503 | D:3      | Reached XP level 5. HP: 26/26 MP: 6/6
  2507 | D:3      | Noticed Natasha
  2549 | D:4      | Noticed an ogre
  2604 | D:4      | Found an ancient bone altar of Kikubaaqudgha.
  2643 | D:4      | Killed an ogre
  2643 | D:4      | Reached skill level 5 in Short Blades
  2728 | D:4      | Gained mutation: You heal very quickly. [Vine Stalker growth]
  2728 | D:4      | Reached XP level 6. HP: 30/30 MP: 7/7
  2813 | D:4      | Found a staircase to the Ecumenical Temple.
  2903 | D:4      | Found a glowing drain.
  2929 | D:4      | Reached skill level 5 in Stealth
  2937 | Sewer    | Entered a sewer
  3106 | Sewer    | Found a white marble altar of Elyvilon.
  3181 | Temple   | Entered the Ecumenical Temple
  3410 | Temple   | Became a worshipper of Warmaster Okawaru
  3457 | D:5      | Entered Level 5 of the Dungeon
  3478 | D:5      | Reached skill level 6 in Stealth
  3542 | D:5      | Reached skill level 7 in Stealth
  3542 | D:5      | Reached XP level 7. HP: 34/34 MP: 8/8
  3653 | D:5      | Noticed varitox's ghost (amateur DECj)
  3670 | D:5      | Killed varitox's ghost
  3670 | D:5      | Reached * piety under Okawaru
  3670 | D:5      | Reached skill level 8 in Stealth
  4095 | D:5      | Reached skill level 9 in Stealth
  4236 | D:5      | Found a shadowy altar of Dithmenos.
  4241 | D:5      | Gained mutation: You have razor-sharp teeth. [Vine Stalker growth]
  4241 | D:5      | Reached XP level 8. HP: 38/38 MP: 9/9
  4323 | D:5      | Reached skill level 10 in Stealth
  4459 | D:5      | Reached skill level 2 in Throwing
  4628 | D:5      | Reached skill level 6 in Short Blades
  4824 | D:6      | Found an oddly glowing altar of Pakellas.
  5020 | D:6      | Reached ** piety under Okawaru
  5153 | D:6      | Reached skill level 7 in Short Blades
  5153 | D:6      | Reached skill level 3 in Throwing
  5483 | D:6      | Found Loanaenk's Jewellery Emporium.
  5630 | D:6      | Reached XP level 9. HP: 17/42 MP: 10/10
  6004 | D:7      | Reached skill level 8 in Short Blades
  6227 | D:7      | Reached skill level 4 in Throwing
  6239 | D:7      | Reached *** piety under Okawaru
  7242 | D:8      | Reached skill level 9 in Short Blades
  7334 | D:8      | Noticed georgeearnest's ghost (novice TrMo)
  7353 | D:8      | HP: 3/42 [georgeearnest's ghost (11)]
  7357 | D:8      | Demolished by georgeearnest's ghost

Vanquished Creatures
  A spriggan (D:7)
  A hippogriff (D:7)
  The ghost of varitox the Conjurer, an amateur DECj (D:5)
  2 orc warriors
  An ice beast (D:5)
  2 sky beasts
  2 necrophages
  3 ogres
  A centaur (D:5)
  A big kobold (Sewer)
  2 giant frogs
  A scorpion (D:5)
  4 howler monkeys (D:7)
  4 jellies
  A crimson imp (D:6)
  A giant frog zombie (D:5)
  A wasp zombie (D:7)
  An orc priest (D:5)
  A hound (D:7)
  2 centaur skeletons
  2 iguanas
  2 orc wizards
  Natasha (twice) (D:3)
  5 worker ants
  A hound skeleton (D:4)
  2 worker ant zombies (D:7)
  A howler monkey skeleton (D:5)
  7 adders
  A river rat (Sewer)
  A shadow imp (D:5)
  2 worms
  A dart slug (D:2)
  3 giant geckos
  20 orcs
  A ball python (D:2)
  6 giant cockroaches
  6 goblins
  11 hobgoblins
  10 jackals
  2 quokkas
  12 bats
  2 giant newts
  15 kobolds
  A quokka skeleton (D:7)
  11 rats
160 creatures vanquished.
